 Dungeon Crawl Stone Soup version 0.30-a0-218-gedb9141078 (webtiles) character file.

Game seed: 5228046851393082553

28 Iusername the Shield-Bearer (level 3, -1/33 HPs)
             Began as a Minotaur Fighter on Oct 5, 2022.
             Slain by Jessica
             ... wielding a +0 dagger
              (2 damage)
             ... on level 2 of the Dungeon.
             The game lasted 00:01:15 (962 turns).

Iusername the Shield-Bearer (Minotaur Fighter)       Turns: 962, Time: 00:01:16

Health: -1/33      AC:  8    Str: 22    XL:     3   Next: 0%
Magic:  2/2        EV:  9    Int:  5    God:
Gold:   86         SH:  4    Dex:  9    Spells: 2/2 levels left

rFire   . . .      SeeInvis .    f - +2 trident (protect)
rCold   . . .      Faith    .    c - +0 buckler
rNeg    . . .      Spirit   .    b - +0 scale mail
rPois   .          Reflect  .    i - +1 hat
rElec   .          Harm     .    (no cloak)
rCorr   .          Rampage  .    (no gloves)
Will    .....                    (no boots)
Stlth   ..........               (no amulet)
HPRegen 0.25/turn                (no ring)
MPRegen 0.08/turn                (no ring)

@: flying
A: horns 2, retaliatory headbutt
a: no special abilities


You were on level 2 of the Dungeon.
You visited 1 branch of the dungeon, and saw 2 of its levels.

You collected 86 gold pieces.

Inventory:

Hand Weapons
 f - a +2 trident of protection (weapon)
Armour
 b - a +0 scale mail (worn)
 c - a +0 buckler (worn)
 i - a +1 hat (worn)
Scrolls
 a - a scroll of identify {unknown}
 j - a scroll of enchant armour {unknown}
Potions
 d - a potion of might
 e - a potion of berserk rage {unknown}
 g - a potion of curing {unknown}
 h - a potion of flight


   Skills:
 + Level 3.9 Fighting
 + Level 2.7 Polearms
 + Level 4.1 Armour
 + Level 0.6 Dodging
 + Level 4.1 Shields


You had 2 spell levels left.
You didn't know any spells.
Your spell library was empty.

Dungeon Overview and Level Annotations

Branches:
Dungeon (2/15)

Altars:

Shops:
D:1 (

Annotations:
D:2 Jessica


Innate Abilities, Weirdness & Mutations

You have a pair of horns on your head.
You reflexively headbutt those who attack you in melee.


Message History

Jessica casts a spell.
Jessica seems to speed up.
You hear an angry hiss.
There are monsters nearby!
Jessica casts a spell at you. Pain shoots through your body!
The gnoll hits you but does no damage.
There are monsters nearby!
You completely miss Jessica. You headbutt Jessica.
Jessica is moderately wounded.
Jessica barely misses you.
A gnoll comes into view. It is wielding a +0 whip.
The gnoll barely misses you. You block Jessica's attack.
The gnoll hits you but does no damage.
There are monsters nearby!
You barely miss Jessica. Your headbutt misses Jessica.
Jessica is moderately wounded.
Jessica mumbles something strange.
Jessica points at you and mumbles some strange words.
You barely resist. You block the gnoll's attack.
Jessica looks very angry.
Jessica casts a spell at you. Pain shoots through your body!
You are too injured to fight recklessly!
Unknown command.
You are too injured to fight recklessly!
Unknown command.
Jessica points at you and mumbles some strange words.
Pain shoots through your body!
* * * LOW HITPOINT WARNING * * *
You barely miss Jessica.
Jessica is moderately wounded.
Jessica hits you with a +0 dagger.
* * * LOW HITPOINT WARNING * * *
The gnoll hits you from afar with a +0 spear.
* * * LOW HITPOINT WARNING * * *
Jessica hits you but does no damage.
It was a potion of flight.
You feel very buoyant.
You fly up into the air.
Jessica hits you with a +0 dagger.
You die...

... #.# #.. #.# #.#
# #.# #
###..###@##.#
.....gg.@?..#
.##.####.####
##...#############
##............#...
..........##......#
~~##......##.##.#.#
.. ##.....##.#....#
. ~P~~.......<.####
~~~~♣#..##.#....#


You could see 2 gnolls and Jessica (fast).

Vanquished Creatures
  A dart slug (D:1)
  A ball python (D:1)
  A goblin (D:1)
  4 hobgoblins (D:1)
  6 jackals (D:1)
  A quokka (D:1)
  3 bats (D:1)
  3 frilled lizards (D:1)
  4 rats
24 creatures vanquished.

Notes
Turn   | Place    | Note
-------+----------+-------------------------------------------
     0 | D:1      | Iusername the Minotaur Fighter began the quest for the Orb.
     0 | D:1      | Reached XP level 1. HP: 19/19 MP: 0/0
    74 | D:1      | Reached XP level 2. HP: 7/27 MP: 1/1
   709 | D:1      | Found Toisyps's Antique Weapon Shop.
   940 | D:2      | Reached XP level 3. HP: 33/33 MP: 2/2
   954 | D:2      | Noticed Jessica
   961 | D:2      | HP: 1/33 [gnoll/+0 spear (1)]
   962 | D:2      | Slain by Jessica

Illustrated notes

Levels and vault maps discovered:
D:1:      lemuel_arrival_behind_the_door_large, layout_basic, serial_shops,
          nicolae_square_shop
D:2:      layout_loops_ring, chequers_ecumenical_altar_simple, serial_bayou,
          serial_bayou_crossing, serial_bayou_pond_a, serial_bayou_pond_b,
          serial_bayou_lagoon_b, serial_bayou_ford_a, uniq_jessica, uniq_robin

Skill      XL: |  1  2 |
---------------+-------+-----
Shields        | 4 |  4.1
Armour         | 4 |  4.1
Fighting       | |  3.9
Polearms       | |  2.7
Dodging        | |  0.6

Action                   || total
-------------------------++-------
Melee: Trident           ||    51
       Headbutt          ||     7
  Use: Potion            ||     1
Armor: Scale mail        ||    29
Dodge: Dodged            ||    33
Block: Buckler           ||    13

Table legend: (Time is in decaauts)
 A = Elapsed time spent in this place.
 B = Non-inter-level travel time spent in this place.
 C = Inter-level travel time spent in this place.
 D = Time resting spent in this place.
 E = Time spent auto-exploring this place.
 F = Levels seen in this place.
 G = Mean time per level.
                   A        B        C        D        E       F      G
               +--------+--------+--------+--------+--------+-----+--------+
         Total |    971 |    959 |     12 |    195 |    616 |   2 |  485.5 |
       Dungeon |    971 |    959 |     12 |    195 |    616 |   2 |  485.5 |
               +--------+--------+--------+--------+--------+-----+--------+

Top non-repeatable levels by time:
     D:1: 941 daAuts
     D:2: 30 daAuts
